Monarchs vs Patriotes
Created - 22 mars 2015 at 19:34
Goals
|
Monarchs |
2 |
2 |
2 |
6 |
Patriotes |
3 |
1 |
0 |
4 |
|
Shots
|
Monarchs |
8 |
4 |
14 |
26 |
Patriotes |
7 |
3 |
17 |
27 |
|
1st period
1. Patriotes , Dwight King 12 (Andrew Gordon, Cory Emmerton) at 6:24 (PP)
2. Patriotes , Andrew Gordon 22 (Cory Emmerton) at 8:50
3. Patriotes , Christian Hanson 18 (Lauri Tukonen) at 16:30
4. Monarchs , Jordan Nolan 31 (Oliver Ekman-Larsson, Jonathan Bernier) at 18:11 (PP)
5. Monarchs , Peter Schaefer 28 (Jay Beagle) at 19:35
Penalties :
Shawn Belle (MAN) for Tripping (Minor) at 5:44, Zenon Konopka (Nyc) for Tripping (Minor) at 9:54, Mathieu Brodeur (Nyc) for Hooking (Minor) at 17:56
2nd period
6. Patriotes , Cory Emmerton 27 (Tyler Myers, Andrew Gordon) at 3:21 (PP)
7. Monarchs , Brandon Dubinsky 30 (Jamie Benn, Shawn Belle) at 8:40
8. Monarchs , Jamie Benn 8 (Brandon Dubinsky, Zack Kassian) at 11:58
Penalties :
Marc Methot (MAN) for Kneeing (Major) at 2:31, Tyler Myers (Nyc) for High sticking (Double Minor) at 12:07, Jeff Petry (MAN) for Cross-checking (Minor) at 17:18
3rd period
9. Monarchs , Zack Kassian 13 (Brandon Dubinsky) at 0:38
10. Monarchs , Andrew MacDonald 7 (Peter Schaefer, Jordan Nolan) at 19:37 (Empty Net)
Penalties :
Shawn Belle (MAN) for Holding (Minor) at 2:05, Dwight King (Nyc) for Tripping (Minor) at 5:18, Brett Skinner (Nyc) for Hooking (Minor) at 17:16
Goalie Stats
Jonathan Bernier (MAN), 5 saves from 9 shots - (0,556), 23:21 minutes
James Reimer (MAN), 18 saves from 18 shots - (1,000), W, 24-20-5, 36:39 minutes
Joey MacDonald (Nyc), 20 saves from 25 shots - (0,800), L, 30-25-3, 59:40 minutes
Players Stats for Monarchs
Player Name G A P +/- PIM S H SB GA TA FO MP PP MP PK MP
------------------------------------------------------------------------------------
Andrew MacDonald 1 0 1 0 0 3 1 0 1 1 0/0 26:02 5:10 4:57
Boyd Gordon 0 0 0 0 0 2 2 0 0 1 5/9 13:17 0:12 2:56
Brandon Dubinsky 1 2 3 3 0 1 3 0 1 0 6/15 14:47 4:00 0:00
Brock Trotter 0 0 0 -2 0 0 1 0 0 0 1/1 16:02 0:26 1:49
Jamie Benn 1 1 2 3 0 3 0 0 0 0 0/0 15:56 5:06 0:00
Jay Beagle 0 1 1 1 0 0 2 2 0 0 0/0 10:02 1:12 2:56
Jeff Petry 0 0 0 0 2 0 0 0 0 0 0/0 6:20 0:00 0:56
Jordan Nolan 1 1 2 -1 0 1 5 0 1 0 9/23 18:43 5:06 0:33
Jordie Benn 0 0 0 0 0 1 0 0 0 0 0/0 5:30 0:00 0:36
Marc Methot 0 0 0 0 5 0 0 1 0 0 0/0 9:29 0:42 1:15
Matt Martin 0 0 0 0 0 1 0 1 0 0 0/1 12:53 3:36 0:00
Oliver Ekman-Larsson 0 1 1 0 0 2 1 2 0 1 0/0 26:08 5:10 3:44
Peter Schaefer 1 1 2 2 0 3 1 0 0 1 2/5 11:57 1:03 4:47
Richard Park 0 0 0 1 0 4 0 0 0 0 0/0 14:53 0:03 4:34
Roman Josi 0 0 0 0 0 0 2 3 0 1 0/0 11:43 4:19 0:00
Shawn Belle 0 1 1 3 4 0 0 0 0 0 0/0 14:59 0:42 2:49
Travis Hamonic 0 0 0 3 0 1 0 0 1 1 0/0 20:29 4:19 4:57
Tyler Kennedy 0 0 0 -2 0 2 1 0 0 0 1/3 16:13 3:36 0:00
Zac Rinaldo 0 0 0 1 0 0 2 0 0 0 0/0 6:57 1:12 0:00
Zack Kassian 1 1 2 3 0 2 2 0 1 0 0/0 17:59 5:01 1:39
Players Stats for Patriotes
Player Name G A P +/- PIM S H SB GA TA FO MP PP MP PK MP
------------------------------------------------------------------------------------
Andreas Nodl 0 0 0 -2 0 4 0 0 2 1 5/12 25:48 4:27 5:05
Andrew Gordon 1 2 3 -1 0 5 0 1 0 0 0/0 20:15 3:57 5:03
Brett Skinner 0 0 0 -1 2 3 3 2 1 0 0/0 27:26 5:31 4:20
Christian Hanson 1 0 1 0 0 4 1 0 1 0 4/9 14:28 1:13 1:43
Cory Emmerton 1 2 3 -1 0 4 0 2 0 0 8/10 15:17 3:57 0:00
Dwight King 1 0 1 -1 2 3 2 1 0 1 0/1 15:42 3:57 0:00
Fedor Fedorov 0 0 0 -2 0 2 3 0 0 0 0/0 20:44 4:27 3:45
Jared Staal 0 0 0 0 0 0 0 0 0 0 0/0 0:00 0:00 0:00
Joakim Andersson 0 0 0 0 0 0 0 0 0 0 0/0 0:00 0:00 0:00
Joe Charlebois 0 0 0 -2 0 0 1 1 0 1 0/0 20:53 3:33 4:11
Lauri Tukonen 0 1 1 0 0 1 2 0 0 0 1/1 12:44 1:13 0:00
Liam Reddox 0 0 0 0 0 0 2 0 0 0 0/0 12:07 0:22 0:56
Mathieu Brodeur 0 0 0 0 2 0 0 0 0 1 0/0 12:20 0:33 2:55
Nigel Williams 0 0 0 0 0 0 0 0 0 0 0/0 10:10 0:33 0:44
Patrice Cormier 0 0 0 0 0 0 0 0 0 0 1/1 8:04 0:00 2:22
Ryan Wilson 0 0 0 -2 0 1 0 1 0 0 0/0 21:21 3:33 4:03
Tyler Myers 0 1 1 -1 4 0 0 1 1 1 0/0 27:25 5:31 3:39
Zack Stortini 0 0 0 0 0 0 0 0 0 0 0/0 6:35 0:54 0:00
Zenon Konopka 0 0 0 -2 2 0 3 0 1 0 14/23 18:24 4:24 1:58
3 Stars
1 - Brandon Dubinsky (MAN)
2 - Zack Kassian (MAN)
3 - Jamie Benn (MAN)
Power Play
Monarchs - 1 on 7 Attempt(s) - 14,29%
Patriotes - 2 on 5 Attempt(s) - 40,00%
Penalty Kill
Monarchs - 3 on 5 Attempt(s) - 60,00%
- Score 0 goal in Penalty Kill
Patriotes - 6 on 7 Attempt(s) - 85,71%
- Score 0 goal in Penalty Kill
Team Stat
Monarchs - Hits : 23 - Faceoff Wins : 24 - Blocked Shots : 9 - Penalty Minutes : 11
Patriotes - Hits : 17 - Faceoff Wins : 33 - Blocked Shots : 9 - Penalty Minutes : 12
Official
Referees : Dwyer Gord and Kimmerly Greg
Linesman : Vaughan Rody and Michel Cormier
Game Notes
James Reimer enters game at 3:21 of 2nd period
8:55 of 2nd period - Penalty Shot by Tyler Myers for Patriotes - Shot Misses the Net
Andrew MacDonald has scored in a empty net!
Finance
Level 1 -- Attendance: 1608 (80,40%) -- Ticket Income 56 280 $
Level 2 -- Attendance: 800 (80,00%) -- Ticket Income 12 000 $
Total Attendance: 2408 (80,27%)
Total Ticket Income: 68 280 $
Other Income: 3 414 $
Total Income: 71 694 $
Monarchs
5 vs 5 Forward
Center Left Wing Right Wing Time % Phy DF OF
1 Jordan Nolan Brock Trotter Tyler Kennedy 40 2 1 2
2 Brandon Dubinsky Jamie Benn Zack Kassian 30 1 1 3
3 Boyd Gordon Matt Martin Richard Park 20 2 1 2
4 Zac Rinaldo Peter Schaefer Jay Beagle 10 2 3 0
5 vs 5 Defense
Defense Defense Time % Phy DF OF
1 Andrew MacDonald Oliver Ekman-Larsson 40 0 3 2
2 Travis Hamonic Shawn Belle 30 0 3 2
3 Marc Methot Roman Josi 20 0 3 2
4 Jordie Benn Jeff Petry 10 1 2 2
PowerPlay Forward
Center Left Wing Right Wing Time % Phy DF OF
1 Jordan Nolan Jamie Benn Zack Kassian 60 1 1 3
2 Brandon Dubinsky Matt Martin Tyler Kennedy 40 0 1 4
PowerPlay Defense
Defense Defense Time % Phy DF OF
1 Andrew MacDonald Oliver Ekman-Larsson 60 0 2 3
2 Roman Josi Travis Hamonic 40 0 2 3
Penalty Kill 4 Players Forward
Center Wing Time % Phy DF OF
1 Peter Schaefer Richard Park 60 1 2 2
2 Boyd Gordon Jay Beagle 40 1 2 2
Penalty Kill 4 Players Defense
Defense Defense Time % Phy DF OF
1 Andrew MacDonald Travis Hamonic 60 1 2 2
2 Oliver Ekman-Larsson Shawn Belle 40 1 2 2
Penalty Kill - 3 Players Forward
Forward Time % Phy DF OF
1 Jordan Nolan 60 1 2 2
2 Richard Park 40 1 2 2
Penalty Kill - 3 Players Defense
Defense Defense Time % Phy DF OF
1 Andrew MacDonald Travis Hamonic 60 1 2 2
2 Oliver Ekman-Larsson Shawn Belle 40 1 2 2
4 vs 4 Forward
Center Wing Time % Phy DF OF
1 Brandon Dubinsky Peter Schaefer 60 1 2 2
2 Jordan Nolan Richard Park 40 1 2 2
4 vs 4 Defense
Defense Defense Time % Phy DF OF
1 Andrew MacDonald Travis Hamonic 60 1 2 2
2 Oliver Ekman-Larsson Shawn Belle 40 1 2 2
Last Minutes Offensive
Center Left Wing Right Wing Defense Defense
Jordan Nolan Jamie Benn Zack Kassian Andrew MacDonald Oliver Ekman-Larsson
Last Minutes Defensive
Center Left Wing Right Wing Defense Defense
Jordan Nolan Peter Schaefer Richard Park Andrew MacDonald Travis Hamonic
Goaltenders
Starting : Jonathan Bernier
Backup : James Reimer
Extra Forwards
Normal : Jordan Nolan, Brandon Dubinsky, Matt Martin - PP : Zac Rinaldo, Peter Schaefer - PK : Zack Kassian
Extra Defensemen
Normal : Andrew MacDonald, Oliver Ekman-Larsson, Travis Hamonic - PP : Roman Josi - PK : Marc Methot, Jeff Petry
Penalty Shots
Peter Schaefer, Brandon Dubinsky, Jordan Nolan, Jamie Benn, Richard Park
Patriotes
5 vs 5 Forward
Center Left Wing Right Wing Time % Phy DF OF
1 Zenon Konopka Fedor Fedorov Andreas Nodl 40 1 2 2
2 Cory Emmerton Dwight King Andrew Gordon 30 1 2 2
3 Christian Hanson Liam Reddox Lauri Tukonen 20 1 2 2
4 Patrice Cormier Andreas Nodl Zack Stortini 10 1 2 2
5 vs 5 Defense
Defense Defense Time % Phy DF OF
1 Brett Skinner Tyler Myers 40 1 2 2
2 Ryan Wilson Joe Charlebois 30 1 2 2
3 Nigel Williams Mathieu Brodeur 20 1 2 2
4 Brett Skinner Tyler Myers 10 1 2 2
PowerPlay Forward
Center Left Wing Right Wing Time % Phy DF OF
1 Zenon Konopka Fedor Fedorov Andreas Nodl 60 1 2 2
2 Cory Emmerton Dwight King Andrew Gordon 40 1 2 2
PowerPlay Defense
Defense Defense Time % Phy DF OF
1 Brett Skinner Tyler Myers 60 1 2 2
2 Ryan Wilson Joe Charlebois 40 1 2 2
Penalty Kill 4 Players Forward
Center Wing Time % Phy DF OF
1 Andreas Nodl Andrew Gordon 60 1 2 2
2 Zenon Konopka Fedor Fedorov 40 1 2 2
Penalty Kill 4 Players Defense
Defense Defense Time % Phy DF OF
1 Brett Skinner Tyler Myers 60 1 2 2
2 Ryan Wilson Joe Charlebois 40 1 2 2
Penalty Kill - 3 Players Forward
Forward Time % Phy DF OF
1 Andreas Nodl 60 1 2 2
2 Andrew Gordon 40 1 2 2
Penalty Kill - 3 Players Defense
Defense Defense Time % Phy DF OF
1 Brett Skinner Tyler Myers 60 1 2 2
2 Ryan Wilson Joe Charlebois 40 1 2 2
4 vs 4 Forward
Center Wing Time % Phy DF OF
1 Andreas Nodl Andrew Gordon 60 1 2 2
2 Zenon Konopka Fedor Fedorov 40 1 2 2
4 vs 4 Defense
Defense Defense Time % Phy DF OF
1 Brett Skinner Tyler Myers 60 1 2 2
2 Ryan Wilson Joe Charlebois 40 1 2 2
Last Minutes Offensive
Center Left Wing Right Wing Defense Defense
Zenon Konopka Fedor Fedorov Andreas Nodl Brett Skinner Tyler Myers
Last Minutes Defensive
Center Left Wing Right Wing Defense Defense
Zenon Konopka Fedor Fedorov Andreas Nodl Brett Skinner Tyler Myers
Goaltenders
Starting : Joey MacDonald
Backup : Marek Schwarz
Extra Forwards
Normal : Christian Hanson, Lauri Tukonen, Patrice Cormier - PP : Christian Hanson, Lauri Tukonen - PK : Patrice Cormier
Extra Defensemen
Normal : Nigel Williams, Mathieu Brodeur, Ryan Wilson - PP : Nigel Williams - PK : Mathieu Brodeur, Ryan Wilson
Penalty Shots
Andreas Nodl, Andrew Gordon, Zenon Konopka, Fedor Fedorov, Cory Emmerton
% Time on Ice - Monarchs
Lines # - Real PCT - Wanted PCT - Time Play
Normal Forward
1 - 34% - 40% - 13:22
2 - 28% - 30% - 11:00
3 - 25% - 20% - 9:56
4 - 14% - 10% - 5:34
Normal Defense
1 - 40% - 40% - 16:04
2 - 30% - 30% - 12:05
3 - 17% - 20% - 6:49
4 - 12% - 10% - 4:54
PP Forward
1 - 61% - 60% - 6:11
2 - 39% - 40% - 4:00
PP Defense
1 - 58% - 60% - 5:52
2 - 42% - 40% - 4:19
PK Forward
1 - 69% - 60% - 6:41
2 - 31% - 40% - 2:56
PK Defense
1 - 59% - 60% - 5:41
2 - 41% - 40% - 3:56
PK3 Forward
1 - 0% - 60%
2 - 0% - 40%
PK3 Defense
1 - 0% - 60%
2 - 0% - 40%
44 Forward
1 - 0% - 60%
2 - 0% - 40%
44 Defense
1 - 0% - 60%
2 - 0% - 40%
Last Minute Offensive - 0:00
Last Minute Defensive - 0:20
Total
Forward - 60:00
Defense - 60:00
|
% Time on Ice - Patriotes
Lines # - Real PCT - Wanted PCT - Time Play
Normal Forward
1 - 32% - 40% - 12:57
2 - 29% - 30% - 11:22
3 - 27% - 20% - 10:35
4 - 12% - 10% - 4:58
Normal Defense
1 - 41% - 40% - 16:30
2 - 33% - 30% - 13:03
3 - 22% - 20% - 8:53
4 - 4% - 10% - 1:26
PP Forward
1 - 59% - 60% - 5:40
2 - 41% - 40% - 3:57
PP Defense
1 - 57% - 60% - 5:31
2 - 43% - 40% - 4:06
PK Forward
1 - 75% - 60% - 7:41
2 - 25% - 40% - 2:30
PK Defense
1 - 68% - 60% - 6:56
2 - 32% - 40% - 3:15
PK3 Forward
1 - 0% - 60%
2 - 0% - 40%
PK3 Defense
1 - 0% - 60%
2 - 0% - 40%
44 Forward
1 - 0% - 60%
2 - 0% - 40%
44 Defense
1 - 0% - 60%
2 - 0% - 40%
Last Minute Offensive - 0:20
Last Minute Defensive - 0:00
Total
Forward - 60:00
Defense - 60:00
|
Play by Play
1st period
0:01 of 1st period - Jordan Nolan wins face-off versus Andreas Nodl in neutral zone.
1:09 of 1st period - Matt Martin is hit by Christian Hanson and loses puck.
1:23 of 1st period - Richard Park is hit by Brett Skinner and loses puck.
1:36 of 1st period - Slapshot by Andreas Nodl.
1:36 of 1st period - Shot Misses the Net.
1:58 of 1st period - Marc Methot is hit by Fedor Fedorov and loses puck.
2:17 of 1st period - Mathieu Brodeur is hit by Zac Rinaldo and loses puck.
3:13 of 1st period - Lauri Tukonen is hit by Oliver Ekman-Larsson.
3:19 of 1st period - Oliver Ekman-Larsson is hit by Lauri Tukonen and loses puck.
3:45 of 1st period - Off-side.
3:46 of 1st period - Brandon Dubinsky wins face-off versus Cory Emmerton in neutral zone.
3:49 of 1st period - Snap shot by Jamie Benn.
3:49 of 1st period - Stopped by Joey MacDonald without a rebound.
3:50 of 1st period - Cory Emmerton wins face-off versus Brandon Dubinsky in Patriotes zone.
4:12 of 1st period - Icing by Jamie Benn.
4:13 of 1st period - Boyd Gordon wins face-off versus Zenon Konopka in Monarchs zone.
4:58 of 1st period - Cory Emmerton is hit by Peter Schaefer.
5:04 of 1st period - Slapshot by Cory Emmerton.
5:04 of 1st period - Stopped by Jonathan Bernier with a rebound.
5:09 of 1st period - Off-side.
5:10 of 1st period - Zenon Konopka wins face-off versus Brandon Dubinsky in neutral zone.
5:22 of 1st period - Snap shot by Fedor Fedorov.
5:22 of 1st period - Stopped by Jonathan Bernier without a rebound.
5:23 of 1st period - Andreas Nodl wins face-off versus Jordan Nolan in Monarchs zone.
5:44 of 1st period - Minor Penalty to Shawn Belle for Tripping.
5:45 of 1st period - Zenon Konopka wins face-off versus Peter Schaefer in Monarchs zone.
6:24 of 1st period - Snap shot by Dwight King.
6:24 of 1st period - Goal by Dwight King - Monarchs : 0 - Patriotes : 1.
6:25 of 1st period - Zenon Konopka wins face-off versus Brandon Dubinsky in neutral zone.
7:24 of 1st period - Slapshot by Boyd Gordon.
7:24 of 1st period - Shot Misses the Net.
7:45 of 1st period - Off-side.
7:46 of 1st period - Jordan Nolan wins face-off versus Christian Hanson in neutral zone.
8:11 of 1st period - Zack Kassian is hit by Fedor Fedorov and loses puck.
8:34 of 1st period - Wrist shot by Richard Park.
8:34 of 1st period - Shot Misses the Net.
8:36 of 1st period - Snap shot by Jordie Benn.
8:36 of 1st period - Shot Blocked by Dwight King.
8:38 of 1st period - Slapshot by Richard Park.
8:38 of 1st period - Stopped by Joey MacDonald with a rebound.
8:40 of 1st period - Slapshot by Jordie Benn.
8:40 of 1st period - Stopped by Joey MacDonald without a rebound.
8:41 of 1st period - Cory Emmerton wins face-off versus Jordan Nolan in Patriotes zone.
8:50 of 1st period - Wrist shot by Andrew Gordon.
8:50 of 1st period - Goal by Andrew Gordon - Monarchs : 0 - Patriotes : 2.
8:51 of 1st period - Zenon Konopka wins face-off versus Jordan Nolan in neutral zone.
8:54 of 1st period - Slapshot by Andreas Nodl.
8:54 of 1st period - Shot Misses the Net.
9:02 of 1st period - Jordan Nolan is hit by Zenon Konopka and loses puck.
9:45 of 1st period - Wrist shot by Richard Park.
9:45 of 1st period - Shot Misses the Net.
9:47 of 1st period - Slapshot by Andrew MacDonald.
9:47 of 1st period - Stopped by Joey MacDonald without a rebound.
9:48 of 1st period - Boyd Gordon wins face-off versus Zenon Konopka in Patriotes zone.
9:54 of 1st period - Minor Penalty to Zenon Konopka for Tripping.
9:55 of 1st period - Andreas Nodl wins face-off versus Jordan Nolan in Patriotes zone.
10:31 of 1st period - Snap shot by Fedor Fedorov.
10:31 of 1st period - Shot Blocked by Oliver Ekman-Larsson.
11:54 of 1st period - Penalty to Zenon Konopka is over, Zenon Konopka is back on ice.
12:52 of 1st period - Tyler Myers is hit by Jordan Nolan and loses puck.
13:03 of 1st period - Marc Methot is hit by Brett Skinner and loses puck.
13:54 of 1st period - Richard Park is hit by Zenon Konopka and loses puck.
14:28 of 1st period - Snap shot by Jamie Benn.
14:28 of 1st period - Stopped by Joey MacDonald with a rebound.
14:30 of 1st period - Slapshot by Oliver Ekman-Larsson.
14:30 of 1st period - Stopped by Joey MacDonald without a rebound.
14:31 of 1st period - Cory Emmerton wins face-off versus Brandon Dubinsky in Patriotes zone.
14:31 of 1st period - Cory Emmerton is hit by Brandon Dubinsky.
15:19 of 1st period - Tyler Myers is hit by Jordan Nolan and loses puck.
16:30 of 1st period - Wrist shot by Christian Hanson.
16:30 of 1st period - Goal by Christian Hanson - Monarchs : 0 - Patriotes : 3.
16:31 of 1st period - Zenon Konopka wins face-off versus Jordan Nolan in neutral zone.
16:38 of 1st period - Wrist shot by Andreas Nodl.
16:38 of 1st period - Shot Blocked by Oliver Ekman-Larsson.
17:03 of 1st period - Cory Emmerton is hit by Brandon Dubinsky and loses puck.
17:56 of 1st period - Minor Penalty to Mathieu Brodeur for Hooking.
17:57 of 1st period - Andreas Nodl wins face-off versus Jordan Nolan in Patriotes zone.
18:11 of 1st period - Wrist shot by Jordan Nolan.
18:11 of 1st period - Goal by Jordan Nolan - Monarchs : 1 - Patriotes : 3.
18:12 of 1st period - Jordan Nolan wins face-off versus Zenon Konopka in neutral zone.
18:19 of 1st period - Wrist shot by Andreas Nodl.
18:19 of 1st period - Stopped by Jonathan Bernier with a rebound.
18:21 of 1st period - Slapshot by Tyler Myers.
18:21 of 1st period - Shot Misses the Net.
18:23 of 1st period - Wrist shot by Andreas Nodl.
18:23 of 1st period - Stopped by Jonathan Bernier with a rebound.
19:05 of 1st period - Andrew MacDonald is hit by Liam Reddox.
19:35 of 1st period - Snap shot by Peter Schaefer.
19:35 of 1st period - Goal by Peter Schaefer - Monarchs : 2 - Patriotes : 3.
19:36 of 1st period - Zenon Konopka wins face-off versus Jordan Nolan in neutral zone.
Goals for this period are 2 for Monarchs vs 3 for Patriotes.
Shots for this period are 8 for Monarchs vs 7 for Patriotes.
2nd period
0:01 of 2nd period - Jordan Nolan wins face-off versus Zenon Konopka in neutral zone.
0:03 of 2nd period - Off-side.
0:04 of 2nd period - Brock Trotter wins face-off versus Zenon Konopka in neutral zone.
1:03 of 2nd period - Christian Hanson is hit by Boyd Gordon and loses puck.
1:18 of 2nd period - Ryan Wilson is hit by Zac Rinaldo.
1:34 of 2nd period - Dwight King is hit by Tyler Kennedy and loses puck.
2:05 of 2nd period - Snap shot by Boyd Gordon.
2:05 of 2nd period - Shot Misses the Net.
2:07 of 2nd period - Slapshot by Matt Martin.
2:07 of 2nd period - Shot Misses the Net.
2:09 of 2nd period - Snap shot by Matt Martin.
2:09 of 2nd period - Shot Misses the Net.
2:23 of 2nd period - Wrist shot by Cory Emmerton.
2:23 of 2nd period - Shot Blocked by Roman Josi.
2:31 of 2nd period - Major Penalty to Marc Methot for Kneeing.
2:32 of 2nd period - Andreas Nodl wins face-off versus Peter Schaefer in Monarchs zone.
3:07 of 2nd period - Off-side.
3:08 of 2nd period - Cory Emmerton wins face-off versus Boyd Gordon in neutral zone.
3:17 of 2nd period - Snap shot by Andrew Gordon.
3:17 of 2nd period - Stopped by Jonathan Bernier with a rebound.
3:21 of 2nd period - Wrist shot by Cory Emmerton.
3:21 of 2nd period - Goal by Cory Emmerton - Monarchs : 2 - Patriotes : 4.
3:21 of 2nd period - James Reimer enters game.
3:22 of 2nd period - Peter Schaefer wins face-off versus Zenon Konopka in neutral zone.
5:03 of 2nd period - Brett Skinner is hit by Andrew MacDonald and loses puck.
5:22 of 2nd period - Dwight King is hit by Zack Kassian and loses puck.
5:45 of 2nd period - Christian Hanson is hit by Jordan Nolan and loses puck.
7:09 of 2nd period - Icing by Christian Hanson.
7:10 of 2nd period - Boyd Gordon wins face-off versus Christian Hanson in Patriotes zone.
7:31 of 2nd period - Penalty to Marc Methot is over, Marc Methot is back on ice.
7:56 of 2nd period - Icing by Oliver Ekman-Larsson.
7:57 of 2nd period - Christian Hanson wins face-off versus Brandon Dubinsky in Monarchs zone.
8:04 of 2nd period - Wrist shot by Liam Reddox.
8:04 of 2nd period - Shot Misses the Net.
8:38 of 2nd period - Snap shot by Jamie Benn.
8:38 of 2nd period - Shot Misses the Net.
8:40 of 2nd period - Snap shot by Brandon Dubinsky.
8:40 of 2nd period - Goal by Brandon Dubinsky - Monarchs : 3 - Patriotes : 4.
8:41 of 2nd period - Zenon Konopka wins face-off versus Jordan Nolan in neutral zone.
8:44 of 2nd period - Slapshot by Brett Skinner.
8:44 of 2nd period - Shot Misses the Net.
8:55 of 2nd period - Penalty Shot by Tyler Myers for Patriotes.
8:55 of 2nd period - Wrist shot by Tyler Myers.
8:55 of 2nd period - Shot Misses the Net.
8:56 of 2nd period - Zenon Konopka wins face-off versus Brandon Dubinsky in Patriotes zone.
8:56 of 2nd period - Zenon Konopka is hit by Brandon Dubinsky.
9:22 of 2nd period - Marc Methot is hit by Brett Skinner and loses puck.
10:04 of 2nd period - Travis Hamonic is hit by Fedor Fedorov and loses puck.
10:37 of 2nd period - Jordan Nolan is hit by Dwight King and loses puck.
11:17 of 2nd period - Fedor Fedorov is hit by Roman Josi and loses puck.
11:56 of 2nd period - Slapshot by Brandon Dubinsky.
11:56 of 2nd period - Shot Misses the Net.
11:58 of 2nd period - Snap shot by Jamie Benn.
11:58 of 2nd period - Goal by Jamie Benn - Monarchs : 4 - Patriotes : 4.
11:59 of 2nd period - Jordan Nolan wins face-off versus Andreas Nodl in neutral zone.
12:04 of 2nd period - Wrist shot by Tyler Kennedy.
12:04 of 2nd period - Stopped by Joey MacDonald without a rebound.
12:05 of 2nd period - Zenon Konopka wins face-off versus Jordan Nolan in Patriotes zone.
12:07 of 2nd period - Double Minor Penalty to Tyler Myers for High sticking.
12:08 of 2nd period - Jordan Nolan wins face-off versus Andreas Nodl in Patriotes zone.
13:07 of 2nd period - Andrew Gordon is hit by Zack Kassian and loses puck.
14:30 of 2nd period - Snap shot by Peter Schaefer.
14:30 of 2nd period - Shot Blocked by Brett Skinner.
14:42 of 2nd period - Andrew Gordon is hit by Jay Beagle and loses puck.
16:07 of 2nd period - Penalty to Tyler Myers is over, Tyler Myers is back on ice.
16:18 of 2nd period - Wrist shot by Andrew Gordon.
16:18 of 2nd period - Stopped by James Reimer without a rebound.
16:19 of 2nd period - Cory Emmerton wins face-off versus Boyd Gordon in Monarchs zone.
16:20 of 2nd period - Snap shot by Dwight King.
16:20 of 2nd period - Shot Blocked by Matt Martin.
16:44 of 2nd period - Tyler Kennedy is hit by Liam Reddox and loses puck.
17:18 of 2nd period - Minor Penalty to Jeff Petry for Cross-checking.
17:19 of 2nd period - Peter Schaefer wins face-off versus Zenon Konopka in Monarchs zone.
17:54 of 2nd period - Snap shot by Cory Emmerton.
17:54 of 2nd period - Shot Hit the Post.
17:56 of 2nd period - Slapshot by Tyler Myers.
17:56 of 2nd period - Shot Misses the Net.
19:18 of 2nd period - Penalty to Jeff Petry is over, Jeff Petry is back on ice.
19:18 of 2nd period - Lauri Tukonen is hit by Brock Trotter and loses puck.
19:46 of 2nd period - Slapshot by Christian Hanson.
19:46 of 2nd period - Deflect By Zack Stortini.
19:46 of 2nd period - Shot Misses the Net.
19:46 of 2nd period - Puck is out of play.
19:47 of 2nd period - Boyd Gordon wins face-off versus Dwight King in Monarchs zone.
19:52 of 2nd period - Slapshot by Travis Hamonic.
19:52 of 2nd period - Stopped by Joey MacDonald with a rebound.
Goals for this period are 2 for Monarchs vs 1 for Patriotes.
Shots for this period are 4 for Monarchs vs 3 for Patriotes.
3rd period
0:01 of 3rd period - Zenon Konopka wins face-off versus Jordan Nolan in neutral zone.
0:12 of 3rd period - Brett Skinner is hit by Jordan Nolan.
0:34 of 3rd period - Wrist shot by Brandon Dubinsky.
0:34 of 3rd period - Shot Blocked by Cory Emmerton.
0:36 of 3rd period - Slapshot by Andrew MacDonald.
0:36 of 3rd period - Stopped by Joey MacDonald without a rebound.
0:37 of 3rd period - Brandon Dubinsky wins face-off versus Christian Hanson in Patriotes zone.
0:38 of 3rd period - Wrist shot by Zack Kassian.
0:38 of 3rd period - Goal by Zack Kassian - Monarchs : 5 - Patriotes : 4.
0:39 of 3rd period - Zenon Konopka wins face-off versus Jordan Nolan in neutral zone.
1:07 of 3rd period - Snap shot by Tyler Kennedy.
1:07 of 3rd period - Shot Misses the Net.
1:09 of 3rd period - Backhand shot by Oliver Ekman-Larsson.
1:09 of 3rd period - Shot Blocked by Tyler Myers.
1:35 of 3rd period - Slapshot by Andrew MacDonald.
1:35 of 3rd period - Shot Blocked by Joe Charlebois.
1:37 of 3rd period - Wrist shot by Richard Park.
1:37 of 3rd period - Stopped by Joey MacDonald with a rebound.
1:39 of 3rd period - Snap shot by Matt Martin.
1:39 of 3rd period - Deflect By Boyd Gordon.
1:39 of 3rd period - Stopped by Joey MacDonald with a rebound.
1:55 of 3rd period - Slapshot by Ryan Wilson.
1:55 of 3rd period - Deflect By Andreas Nodl.
1:55 of 3rd period - Stopped by James Reimer with a rebound.
2:05 of 3rd period - Minor Penalty to Shawn Belle for Holding.
2:06 of 3rd period - Zenon Konopka wins face-off versus Peter Schaefer in Monarchs zone.
2:37 of 3rd period - Wrist shot by Boyd Gordon.
2:37 of 3rd period - Shot Misses the Net.
4:04 of 3rd period - Slapshot by Ryan Wilson.
4:04 of 3rd period - Shot Hit the Post.
4:05 of 3rd period - Penalty to Shawn Belle is over, Shawn Belle is back on ice.
4:06 of 3rd period - Wrist shot by Christian Hanson.
4:06 of 3rd period - Deflect By Lauri Tukonen.
4:06 of 3rd period - Shot Misses the Net.
4:06 of 3rd period - Puck is out of play.
4:07 of 3rd period - Brandon Dubinsky wins face-off versus Christian Hanson in Monarchs zone.
4:18 of 3rd period - Backhand shot by Zack Kassian.
4:18 of 3rd period - Stopped by Joey MacDonald without a rebound.
4:19 of 3rd period - Christian Hanson wins face-off versus Tyler Kennedy in Patriotes zone.
4:19 of 3rd period - Christian Hanson is hit by Jordan Nolan.
4:25 of 3rd period - Slapshot by Ryan Wilson.
4:25 of 3rd period - Stopped by James Reimer with a rebound.
4:31 of 3rd period - Slapshot by Ryan Wilson.
4:31 of 3rd period - Shot Misses the Net.
4:33 of 3rd period - Backhand shot by Ryan Wilson.
4:33 of 3rd period - Shot Misses the Net.
4:35 of 3rd period - Wrist shot by Christian Hanson.
4:35 of 3rd period - Shot Misses the Net.
4:45 of 3rd period - Andrew MacDonald is hit by Zenon Konopka and loses puck.
5:05 of 3rd period - Oliver Ekman-Larsson is hit by Dwight King.
5:09 of 3rd period - Snap shot by Boyd Gordon.
5:09 of 3rd period - Shot Blocked by Brett Skinner.
5:18 of 3rd period - Minor Penalty to Dwight King for Tripping.
5:19 of 3rd period - Jordan Nolan wins face-off versus Andreas Nodl in Patriotes zone.
6:21 of 3rd period - Matt Martin is hit by Joe Charlebois and loses puck.
7:18 of 3rd period - Penalty to Dwight King is over, Dwight King is back on ice.
7:26 of 3rd period - Brett Skinner is hit by Jay Beagle and loses puck.
8:12 of 3rd period - Wrist shot by Cory Emmerton.
8:12 of 3rd period - Shot Misses the Net.
8:48 of 3rd period - Ryan Wilson is hit by Boyd Gordon and loses puck.
9:29 of 3rd period - Off-side.
9:30 of 3rd period - Tyler Kennedy wins face-off versus Cory Emmerton in neutral zone.
9:51 of 3rd period - Backhand shot by Jamie Benn.
9:51 of 3rd period - Shot Blocked by Ryan Wilson.
10:29 of 3rd period - Wrist shot by Andrew Gordon.
10:29 of 3rd period - Stopped by James Reimer without a rebound.
10:30 of 3rd period - Cory Emmerton wins face-off versus Jordan Nolan in Monarchs zone.
10:31 of 3rd period - Snap shot by Andrew Gordon.
10:31 of 3rd period - Stopped by James Reimer with a rebound.
11:16 of 3rd period - Wrist shot by Christian Hanson.
11:16 of 3rd period - Stopped by James Reimer with a rebound.
11:18 of 3rd period - Wrist shot by Lauri Tukonen.
11:18 of 3rd period - Stopped by James Reimer with a rebound.
11:20 of 3rd period - Snap shot by Brett Skinner.
11:20 of 3rd period - Stopped by James Reimer without a rebound.
11:21 of 3rd period - Christian Hanson wins face-off versus Tyler Kennedy in Monarchs zone.
11:22 of 3rd period - Snap shot by Lauri Tukonen.
11:22 of 3rd period - Shot Misses the Net.
11:27 of 3rd period - Off-side.
11:28 of 3rd period - Zenon Konopka wins face-off versus Jordan Nolan in neutral zone.
13:04 of 3rd period - Off-side.
13:05 of 3rd period - Patrice Cormier wins face-off versus Matt Martin in neutral zone.
13:45 of 3rd period - Slapshot by Andreas Nodl.
13:45 of 3rd period - Shot Blocked by Roman Josi.
13:47 of 3rd period - Snap shot by Tyler Myers.
13:47 of 3rd period - Shot Blocked by Jay Beagle.
13:49 of 3rd period - Wrist shot by Brett Skinner.
13:49 of 3rd period - Shot Misses the Net.
13:51 of 3rd period - Slapshot by Patrice Cormier.
13:51 of 3rd period - Shot Misses the Net.
13:53 of 3rd period - Slapshot by Brett Skinner.
13:53 of 3rd period - Stopped by James Reimer with a rebound.
13:55 of 3rd period - Slapshot by Brett Skinner.
13:55 of 3rd period - Shot Misses the Net.
13:57 of 3rd period - Wrist shot by Andreas Nodl.
13:57 of 3rd period - Deflect By Peter Schaefer.
13:57 of 3rd period - Shot Blocked by Jay Beagle.
13:57 of 3rd period - Puck is out of play.
13:58 of 3rd period - Cory Emmerton wins face-off versus Brandon Dubinsky in Monarchs zone.
14:01 of 3rd period - Snap shot by Cory Emmerton.
14:01 of 3rd period - Shot Misses the Net.
14:03 of 3rd period - Wrist shot by Cory Emmerton.
14:03 of 3rd period - Shot Misses the Net.
14:05 of 3rd period - Snap shot by Cory Emmerton.
14:05 of 3rd period - Stopped by James Reimer without a rebound.
14:06 of 3rd period - Cory Emmerton wins face-off versus Brandon Dubinsky in Monarchs zone.
14:07 of 3rd period - Snap shot by Andrew Gordon.
14:07 of 3rd period - Shot Misses the Net.
14:09 of 3rd period - Wrist shot by Cory Emmerton.
14:09 of 3rd period - Shot Misses the Net.
14:11 of 3rd period - Snap shot by Cory Emmerton.
14:11 of 3rd period - Stopped by James Reimer with a rebound.
14:13 of 3rd period - Backhand shot by Ryan Wilson.
14:13 of 3rd period - Shot Misses the Net.
14:15 of 3rd period - Snap shot by Dwight King.
14:15 of 3rd period - Stopped by James Reimer with a rebound.
14:17 of 3rd period - Backhand shot by Dwight King.
14:17 of 3rd period - Stopped by James Reimer with a rebound.
14:19 of 3rd period - Snap shot by Ryan Wilson.
14:19 of 3rd period - Shot Hit the Post.
14:33 of 3rd period - Brock Trotter is hit by Lauri Tukonen.
14:39 of 3rd period - Snap shot by Christian Hanson.
14:39 of 3rd period - Stopped by James Reimer with a rebound.
14:41 of 3rd period - Slapshot by Ryan Wilson.
14:41 of 3rd period - Shot Misses the Net.
15:09 of 3rd period - Slapshot by Peter Schaefer.
15:09 of 3rd period - Stopped by Joey MacDonald with a rebound.
15:11 of 3rd period - Wrist shot by Jay Beagle.
15:11 of 3rd period - Shot Blocked by Cory Emmerton.
15:13 of 3rd period - Snap shot by Peter Schaefer.
15:13 of 3rd period - Stopped by Joey MacDonald without a rebound.
15:14 of 3rd period - Lauri Tukonen wins face-off versus Boyd Gordon in Patriotes zone.
15:19 of 3rd period - Snap shot by Richard Park.
15:19 of 3rd period - Stopped by Joey MacDonald with a rebound.
15:21 of 3rd period - Backhand shot by Andrew MacDonald.
15:21 of 3rd period - Deflect By Matt Martin.
15:21 of 3rd period - Stopped by Joey MacDonald with a rebound.
15:23 of 3rd period - Snap shot by Richard Park.
15:23 of 3rd period - Stopped by Joey MacDonald with a rebound.
15:25 of 3rd period - Wrist shot by Andrew MacDonald.
15:25 of 3rd period - Deflect By Boyd Gordon.
15:25 of 3rd period - Stopped by Joey MacDonald with a rebound.
15:27 of 3rd period - Wrist shot by Boyd Gordon.
15:27 of 3rd period - Deflect By Liam Reddox.
15:27 of 3rd period - Shot Misses the Net.
15:27 of 3rd period - Puck is out of play.
15:28 of 3rd period - Zenon Konopka wins face-off versus Jordan Nolan in Patriotes zone.
15:33 of 3rd period - Slapshot by Brett Skinner.
15:33 of 3rd period - Shot Misses the Net.
15:35 of 3rd period - Snap shot by Fedor Fedorov.
15:35 of 3rd period - Shot Misses the Net.
16:21 of 3rd period - Icing by Jamie Benn.
16:22 of 3rd period - Brandon Dubinsky wins face-off versus Zenon Konopka in Monarchs zone.
16:29 of 3rd period - Snap shot by Andreas Nodl.
16:29 of 3rd period - Stopped by James Reimer with a rebound.
16:31 of 3rd period - Snap shot by Zenon Konopka.
16:31 of 3rd period - Shot Misses the Net.
16:33 of 3rd period - Snap shot by Andreas Nodl.
16:33 of 3rd period - Shot Misses the Net.
16:35 of 3rd period - Snap shot by Fedor Fedorov.
16:35 of 3rd period - Stopped by James Reimer without a rebound.
16:36 of 3rd period - Christian Hanson wins face-off versus Boyd Gordon in Monarchs zone.
16:36 of 3rd period - Christian Hanson is hit by Roman Josi.
16:40 of 3rd period - Snap shot by Christian Hanson.
16:40 of 3rd period - Shot Blocked by Marc Methot.
16:42 of 3rd period - Slapshot by Christian Hanson.
16:42 of 3rd period - Shot Blocked by Roman Josi.
17:16 of 3rd period - Minor Penalty to Brett Skinner for Hooking.
17:17 of 3rd period - Jordan Nolan wins face-off versus Andreas Nodl in Patriotes zone.
17:25 of 3rd period - Snap shot by Jamie Benn.
17:25 of 3rd period - Shot Misses the Net.
18:25 of 3rd period - Slapshot by Oliver Ekman-Larsson.
18:25 of 3rd period - Stopped by Joey MacDonald without a rebound.
18:26 of 3rd period - Brandon Dubinsky wins face-off versus Andreas Nodl in Patriotes zone.
18:29 of 3rd period - Slapshot by Tyler Kennedy.
18:29 of 3rd period - Shot Hit the Post.
18:31 of 3rd period - Snap shot by Tyler Kennedy.
18:31 of 3rd period - Stopped by Joey MacDonald without a rebound.
18:32 of 3rd period - Brandon Dubinsky wins face-off versus Andreas Nodl in Patriotes zone.
18:37 of 3rd period - Snap shot by Brandon Dubinsky.
18:37 of 3rd period - Shot Misses the Net.
18:39 of 3rd period - Slapshot by Travis Hamonic.
18:39 of 3rd period - Deflect By Brandon Dubinsky.
18:39 of 3rd period - Shot Blocked by Andrew Gordon.
18:39 of 3rd period - Puck is out of play.
18:40 of 3rd period - Andreas Nodl wins face-off versus Brandon Dubinsky in Patriotes zone.
19:16 of 3rd period - Penalty to Brett Skinner is over, Brett Skinner is back on ice.
19:17 of 3rd period - Patriotes, Joey MacDonald is pulled from the net.
19:17 of 3rd period - Backhand shot by Brett Skinner.
19:17 of 3rd period - Stopped by James Reimer without a rebound.
19:18 of 3rd period - Dale Hunter call a timeout for Patriotes.
19:18 of 3rd period - Jordan Nolan wins face-off versus Zenon Konopka in Monarchs zone.
19:27 of 3rd period - Wrist shot by Zenon Konopka.
19:27 of 3rd period - Shot Misses the Net.
19:35 of 3rd period - Wrist shot by Peter Schaefer.
19:35 of 3rd period - Shot Misses the Net.
19:37 of 3rd period - Wrist shot by Andrew MacDonald.
19:37 of 3rd period - Goal by Andrew MacDonald - Monarchs : 6 - Patriotes : 4.
19:37 of 3rd period - Joey MacDonald from Patriotes was sent back in the game.
19:38 of 3rd period - Boyd Gordon wins face-off versus Christian Hanson in neutral zone.
19:51 of 3rd period - Wrist shot by Christian Hanson.
19:51 of 3rd period - Stopped by James Reimer with a rebound.
19:53 of 3rd period - Wrist shot by Lauri Tukonen.
19:53 of 3rd period - Shot Misses the Net.
Goals for this period are 2 for Monarchs vs 0 for Patriotes.
Shots for this period are 14 for Monarchs vs 17 for Patriotes.
Output by the SimonT Hockey Simulator (STHS) for François Prévost -- Original Page W3C XHTML 1.0 Valid